AoeStats
← El Professor

Golden Pit

510133429Analyzed
1v1 RM · 1d ago on Sep 29, 2026· 47m 56s· 2 players
Game mode
Random Map
Map size
Tiny (2 player)
Population
200
Speed
Normal
Resources
Standard
Victory
Conquest
Starting age
Dark Age
Ending age
Imperial Age
RankedLock teamsTeams togetherTeam positionsShared explorationLock speedFull tech treeHidden civsTurbo modeCheats
Victory
Defeat
🇫🇷 Sicilians · France
976
+15
🇪🇸 Danes · Spain
960
-15
El Professor
7:22 Loom
10:25 Feudal Age
10:51 Double-Bit Axe
10:31 Man-at-Arms
10:57 Arson
12:02 Arson
13:56 Horse Collar
14:44 Scale Mail Armor
15:53 Forging
22:16 Castle Age
20:53 Gold Mining
23:13 Chain Mail Armor
23:01 Squires
22:48 Gambesons
22:56 Long Swordsman
25:43 Heavy Plow
25:43 Pikeman
28:37 Bow Saw
29:54 Wheelbarrow
33:23 Iron Casting
32:41 Fletching
32:51 Padded Archer Armor
34:25 Bodkin Arrow
34:46 Leather Archer Armor
34:50 Elite Skirmisher
36:13 Iron Casting
35:55 Fervor
38:23 Hand Cart
39:05 Sanctity
41:18 Town Watch
42:56 Stone Mining
44:56 Stone Shaft Mining
45:00 Gold Shaft Mining
slynens
9:50 Feudal Age
10:53 Double-Bit Axe
10:50 Horse Collar
12:04 Loom
13:08 Wheelbarrow
20:00 Castle Age
20:02 Scale Mail Armor
20:13 Forging
21:08 Bow Saw
21:34 Husbandry
21:56 Gold Mining
30:12 Chain Mail Armor
29:22 Crossbowman
32:21 Fletching
34:17 Bodkin Arrow
37:46 Gold Shaft Mining
37:01 Stone Mining
40:02 Iron Casting
39:27 Padded Archer Armor
39:40 Squires
39:25 Arson
41:07 Ballistics
40:59 Masonry
40:46 Murder Holes
42:20 Heavy Plow
49:35 Imperial Age
47:33 Bloodlines
Connection lost

Rejoining the realm…

Still unreachable

The connection could not be restored.

Session expired

The server has moved on; the page needs a fresh start.